 Dungeon Crawl Stone Soup version 0.18.1-48-g4cf74bf (webtiles) character file.

274 Wander the Covered (level 5, 0/46 HPs)
             Began as a Demigod Fighter on Sept 9, 2016.
             Slain by an orc
             ... wielding a +0 trident
              (4 damage)
             ... on level 3 of the Dungeon.
             The game lasted 00:04:06 (2399 turns).

Wander the Covered (Demigod Fighter)                Turns: 2399, Time: 00:04:07

Health: 0/46       AC:  7    Str: 19    XL:     5   Next: 72%
Magic:  7/7        EV:  8    Int: 12    God:
Gold:   222        SH: 10    Dex: 17    Spells: 0 memorised, 4 levels left

rFire  . . .     SeeInvis .     a - +0 trident
rCold  . . .     Gourm    .     b - +0 scale mail
rNeg   . . .     Faith    .     c - +0 shield
rPois  .         Spirit   .     (no helmet)
rElec  .         Dismiss  .     (no cloak)
rCorr  .         Reflect  .     (no gloves)
SustAt +         Harm     .     (no boots)
MR     .....                    (no amulet)
Stlth  ..........               (no ring)
                                s - ring of loudness (curse)

@: not resistant to hostile enchantments, extremely unstealthy
A: high mp 1, sustain attributes
a: no special abilities


You were on level 3 of the Dungeon.
You were hungry.

You visited 1 branch of the dungeon, and saw 3 of its levels.

You collected 222 gold pieces.

Inventory:

Hand Weapons
 a - a +0 trident (weapon)
Armour
 b - a +0 scale mail (worn)
 c - a +0 shield (worn)
Jewellery
 s - a cursed ring of loudness (left hand)
Wands
 q - a wand of random effects (17/48)
 y - a wand of slowing (16/48)
Scrolls
 g - a scroll of remove curse {unknown}
 h - a scroll of fog {unknown}
 i - 4 scrolls of identify {unknown}
 j - 2 scrolls of magic mapping {unknown}
 k - a scroll of teleportation {unknown}
 r - a scroll of fear {unknown}
 u - a scroll of recharging {unknown}
 w - a scroll of amnesia {unknown}
Potions
 d - a potion of might
 e - a potion of heal wounds {unknown}
 l - a potion of haste {unknown}
 m - a potion of mutation {unknown}
 o - a potion of brilliance {unknown}
 p - a potion of magic {unknown}
 t - a potion of ambrosia {unknown}
 v - a potion of cure mutation {unknown}
Comestibles
 f - 4 bread rations
 n - 3 slices of pizza
 x - a royal jelly
 z - a beef jerky
 A - 2 chunks of flesh


   Skills:
 + Level 3.7 Fighting
 + Level 2.7 Polearms
 + Level 4.1 Armour
 - Level 1.0 Dodging
 + Level 3.8 Shields


You had 4 spell levels left.
You didn't know any spells.

Dungeon Overview and Level Annotations

Branches:
Dungeon (3/15)

Annotations:
D:2 Robin


Innate Abilities, Weirdness & Mutations

You have an increased reservoir of magic (+10% MP).
Your attributes are resistant to harm.


Message History

You closely miss the orc priest.
The orc priest is heavily wounded.
The giant cockroach closely misses you.
The orc wizard hits you but does no damage.
The orc priest calls down the wrath of Beogh upon you.
Beogh smites you!
* * * LOW HITPOINT WARNING * * *
You block the orc's attack. You block the giant cockroach's attack.
The orc completely misses you.
The orc wizard hits you but does no damage.
You puncture the orc priest!
You kill the orc priest!
You block the giant cockroach's attack. You block the orc's attack.
The orc hits you but does no damage. The orc wizard closely misses you.
You closely miss the orc wizard.
The orc wizard is severely wounded.
The giant cockroach bites you but does no damage.
The orc hits you but does no damage. The orc wizard closely misses you.
The orc hits you with a trident.
You die...

#### #...###
.....# ##
##.##.### #.
#..#...#...# .. ##
###..........# ##
.. ......)@o....#
###.##
##....oso..^.#####
#....
#...#...#.......#
#.#.# #.#
##.##..####.#
#[#.##....
..........#
###........>
.....##.#.# #
.....###### ######
#.#.##.# .###)#
####### #......#
.# #.# #.....#
###.####


You could see an orc wizard, 2 orcs and a giant cockroach.

Vanquished Creatures
  A centaur skeleton (D:3)
  2 orc priests (D:3)
  Jessica (D:2)
  Ijyb (D:2)
  5 adders
  A gnoll (D:3)
  An ooze (D:3)
  A worm (D:2)
  4 giant geckos
  7 orcs (D:3)
  A giant cockroach (D:3)
  8 goblins
  8 hobgoblins
  A quokka (D:2)
  9 bats
  6 giant newts
  7 kobolds
  9 rats
  A fungus (D:1)
74 creatures vanquished.

Notes
Turn   | Place    | Note
--------------------------------------------------------------
     0 | D:1      | Wander the Demigod Fighter began the quest for the Orb.
     0 | D:1      | Reached XP level 1. HP: 18/18 MP: 3/3
   358 | D:1      | Reached skill level 3 in Armour
   415 | D:1      | Reached XP level 2. HP: 22/25 MP: 4/4
   766 | D:2      | Reached XP level 3. HP: 19/31 MP: 5/5
   868 | D:2      | Found an oddly glowing altar of Pakellas.
   894 | D:2      | Noticed Robin
   919 | D:2      | Noticed Jessica
   930 | D:2      | Killed Jessica
   930 | D:2      | Reached skill level 1 in Dodging
   985 | D:2      | Reached XP level 4. HP: 26/38 MP: 6/6
  1001 | D:2      | Found a glowing golden altar of the Shining One.
  1002 | D:2      | Found a shattered altar of Ashenzari.
  1004 | D:2      | Found a burning altar of Makhleb.
  1004 | D:2      | Found a shimmering altar of Xom.
  1004 | D:2      | Found an iron altar of Okawaru.
  1005 | D:2      | Noticed Ijyb
  1030 | D:2      | Killed Ijyb
  1484 | D:2      | Found a stormy altar of Qazlal.
  1787 | D:3      | Found a faded altar to an unknown god.
  1848 | D:3      | Reached XP level 5. HP: 36/45 MP: 7/7
  1980 | D:3      | Found a snail-covered altar of Cheibriados.
  2305 | D:3      | Reached skill level 4 in Armour
  2376 | D:3      | Found an iron altar of Okawaru.
  2399 | D:3      | Slain by an orc

Skill      XL: |  1  2  3  4  5 |
---------------+----------------+-----
Armour         | 3 4 |  4.1
Fighting       | 3 |  3.7
Polearms       | 2 |  2.7
Dodging        | 1 |  1.0
Shields        | 3 |  3.8

Action                   |  1- 3 |  4- 6 || total
-------------------------+-------+-------++-------
Melee: Trident           |   153 |   171 ||   324
  Eat: Chunk             |     1 |     4 ||     5
Armor: Scale mail        |    62 |    85 ||   147
Dodge: Dodged            |    44 |    83 ||   127
Block: Shield            |    58 |   119 ||   177
